 Dungeon Crawl Stone Soup version 0.29-a0-998-g1987434951 (webtiles) character file.

Game seed: 7427346728476733662

6381 kae the Arsonist (level 10, -1/58 HPs)
             Began as a Deep Elf Fire Elementalist on Aug 5, 2022.
             Was an Initiate of Vehumet.
             Killed by an exploding killer bee (4 damage)
             ... ignited by their inner flame
             ... on level 10 of the Dungeon.
             The game lasted 00:11:42 (11543 turns).

kae the Arsonist (Deep Elf Fire Elementalist)      Turns: 11543, Time: 00:11:42

Health: -1/58      AC: 15    Str:  5    XL:     10   Next: 65%
Magic:  23/23      EV: 15    Int: 25    God:    Vehumet [......]
Gold:   263        SH:  0    Dex: 15    Spells: 11/24 levels left

rFire   + . .      SeeInvis .   r - staff of fire {!a}
rCold   . . .      Faith    .   (no shield)
rNeg    . . .      Spirit   .   P - +0 steam dragon scales
rPois   .          Reflect  .   (no helmet)
rElec   .          Harm     .   (no cloak)
rCorr   .          Rampage  .   U - +2 pair of gloves
Will    .....                   q - +2 pair of boots
Stlth   ++........              A - amulet of the acrobat
HPRegen 0.19/turn               O - +4 ring of protection
MPRegen 0.18/turn               (no ring)

@: weak-willed
A: no striking features
a: Renounce Religion


You were on level 10 of the Dungeon.
You worshipped Vehumet.
Vehumet was noncommittal.
You visited 2 branches of the dungeon, and saw 11 of its levels.

You collected 409 gold pieces.
You spent 146 gold pieces at shops.


   Skills:
 + Level 4.3 Fighting
 + Level 5.1 Staves
 + Level 7.0 Dodging
 - Level 2.4 Stealth
 + Level 7.7 Spellcasting
 * Level 8.5 Conjurations
 * Level 9.1 Fire Magic
 + Level 5.5 Evocations


You had 11 spell levels left.
You knew the following spells:

 Your Spells              Type           Power      Damage    Failure   Level
a - Foxfire               Conj/Fire      100%       2x1d9     1%          1
b - Scorch                Fire           100%       2d10      1%          2
c - Conjure Flame         Conj/Fire      69%        6-21      1%          3
d - Inner Flame           Hex/Fire       48%        N/A       2%          3
e - Flame Wave            Conj/Fire      69%        2d16      1%          4

Your spell library contained the following spells:

 Spells                   Type           Power      Damage    Failure   Level
 Dazzling Flash           Conj/Hex       60%        N/A       3%          3
 Apportation              Tloc           18%        N/A       6%          1
 Mephitic Cloud           Conj/Pois/Air  23%        N/A       6%          3
 Passwall                 Tmut/Erth      7%         N/A       10%         2
 Agony                    Necr           9%         N/A       86%         5
 Alistair's Intoxication  Tmut/Pois      6%         N/A       86%         5
 Silence                  Hex/Air        4%         N/A       86%         5
 Summon Forest            Summ/Tloc      4%         N/A       86%         5
 Summon Mana Viper        Hex/Summ       9%         N/A       86%         5
 Statue Form              Tmut/Erth      6%         N/A       100%        6
 Summon Cactus Giant      Summ           4%         N/A       100%        6

Inventory:

Hand Weapons
 c - a +0 short sword
   (You took it off a kobold on level 1 of the Dungeon)
Missiles
 i - 64 stones
 j - 5 poisoned darts
 s - 8 boomerangs
 B - 3 throwing nets {=f!f}
 E - 4 curare-tipped darts {=f}
 Q - 3 atropa-tipped darts
Armour
 q - a +2 pair of boots (worn)
   (You found it on level 2 of the Dungeon)
 K - an orb of guile
   (You found it on level 7 of the Dungeon)
 P - +0 steam dragon scales (worn)
   (You found it on level 8 of the Dungeon)
 U - a +2 pair of gloves (worn)
   (You found it on level 9 of the Dungeon)
Magical Staves
 r - a staff of fire (weapon) {!a}
   (You took it off a goblin on level 3 of the Dungeon)
Jewellery
 A - an amulet of the acrobat (around neck)
   (You found it on level 6 of the Dungeon)
 G - an amulet of guardian spirit
   (You found it on level 5 of the Dungeon)
 O - a +4 ring of protection (left hand)
   (You found it on level 3 of the Dungeon)
Wands
 a - a wand of digging (1)
   (You found it on level 9 of the Dungeon)
 m - a wand of flame (39)
   (You found it on level 3 of the Dungeon)
 v - a wand of charming (24)
   (You found it on level 4 of the Dungeon)
 y - a wand of light (2)
   (You took it off Terence on level 2 of the Dungeon)
 S - a wand of roots (6)
   (You found it on level 9 of the Dungeon)
Scrolls
 d - 6 scrolls of teleportation {@r4}
 e - 5 scrolls of poison {!r}
 h - a scroll of silence {!r}
 l - 5 scrolls of enchant armour
 n - 2 scrolls of summoning
 o - a scroll of amnesia
 p - a scroll of blinking {!r}
 t - 4 scrolls of fog
 H - a scroll of vulnerability {!r!r}
 T - a scroll of fear
Potions
 b - 3 potions of magic
 f - 2 potions of flight
 g - 3 potions of might
 k - a potion of mutation {!q}
 u - 3 potions of heal wounds {@q2}
 w - a potion of lignification {!q}
 x - 6 potions of attraction {!q}
 z - a potion of cancellation
 C - 2 potions of curing {@q1}
 D - a potion of brilliance
 F - 3 potions of invisibility
 I - 2 potions of haste {@q3}
 M - a potion of resistance
 N - a potion of ambrosia

Dungeon Overview and Level Annotations

Branches:
Dungeon (10/15) Zot: 26968  Temple (1/1) D:5 Zot: 5914
   Lair: D:8-11         Orc: D:9-12

Altars:
Ashenzari
Cheibriados
Dithmenos
Fedhas
Gozag
Hepliaklqana
Kikubaaqudgha
Makhleb
Nemelex Xobeh
Okawaru
Qazlal
Ru
Sif Muna
Trog
Uskayaw
Vehumet
Wu Jian
Xom
Yredelemnul
Zin
The Shining One

Shops:
D:7 *   D:9 *

Annotations:
D:4 Eustachio
D:8 6 transporters

# .# .#
#########.#
......§§§§#
.....○○○○§#
.....○○@○§#
#########§#
#


There were no monsters in sight!


Message History

a +0 trident; a +0 chain mail
Things that are here:
a +0 dagger; a +0 robe; an orc corpse You see here a +3 short sword of speed. 😎 HP[+13] MP[+8]
Your hp is fully restored (58).
Your mp is fully restored (23).
You open the door.
There is an open door here.
Done exploring.
Done exploring.
Done exploring.
Done exploring.
Done exploring.
You open the door.
There is an open door here.
Done exploring.
Done exploring.
Okay, then.
Okay, then.
(D) Dungeon (T) Temple
Where to? (Enter - D:9, ? - help)
There is an open door here.
Items here: ))) [.
You see here a +0 war axe.
There is a stone staircase leading down here.
You climb downwards.
There is a stone staircase leading up here.
Okay, then.
As you read the scroll of identify {@r1}, it crumbles to dust.
N - a potion of ambrosia
As you read the scroll of identify {@r1}, it crumbles to dust.
k - a potion of mutation
As you read the scroll labelled EDWOC MERUL, it crumbles to dust.
It is a scroll of amnesia.
Really abort (and waste the scroll)?
Okay, then.
Blink to where?
Press: ? - help, Dir - move target, f - you Are you sure you want to cancel this blink?
Okay, then.
As you read the scroll labelled FECEJEMMO UWKI, it crumbles to dust.
It was a scroll of blinking.
As you read the scroll labelled FIACVY SAFUIMM, it crumbles to dust.
A profound silence engulfs you.
It was a scroll of silence.
Unknown command.
Magic scrolls do not work when you're silenced!
You start waiting.
Your hearing returns.
As you read the scroll labelled FICLUARHIEDY, it crumbles to dust.
Magic quickly surges around you.
It was a scroll of vulnerability.
Unknown command.
As you read the scroll labelled IMAYMU PUSAA, it crumbles to dust.
Wisps of shadow whirl around you...
It was a scroll of summoning.
Unknown command.
As you read the scroll labelled TEJIAG OCYGH, it crumbles to dust.
The creatures around you are filled with an inner flame!
It was a scroll of immolation.
Unknown command.
As you read the scroll labelled ZYUSILLABRY, it crumbles to dust.
Your body is wracked with pain!
Your killer bee convulses!
Flame seeps out of your killer bee.
Your killer bee convulses!
Flame seeps out of your killer bee.
Your killer bee convulses!
Flame seeps out of your killer bee.
Your troll convulses!
Flame seeps out of your troll.
Your killer bee convulses!
Flame seeps out of your killer bee.
Your killer bee convulses!
Flame seeps out of your killer bee.
Your killer bee convulses!
Flame seeps out of your killer bee.
It was a scroll of torment.
Your killer bee is engulfed in blazing flames.
Flame seeps out of your killer bee.
Your killer bee is engulfed in blazing flames.
Flame seeps out of your killer bee.
Your killer bee is engulfed in blazing flames.
Your killer bee's corpse dissolves into shadows!
The fiery explosion engulfs your killer bee!
Your killer bee's corpse dissolves into shadows!
The fiery explosion engulfs you! You resist.
* * * LOW HITPOINT WARNING * * *
The fiery explosion engulfs your killer bee!!
Your killer bee's corpse dissolves into shadows!
The fiery explosion engulfs your troll!!
Your troll's corpse dissolves into shadows!
The fiery explosion engulfs your killer bee!
Your killer bee's corpse dissolves into shadows!
The fiery explosion engulfs your killer bee!!
Your killer bee's corpse dissolves into shadows!
The fiery explosion engulfs you! You resist.
* * * LOW HITPOINT WARNING * * *
The fiery explosion engulfs your killer bee!!
Your killer bee's corpse dissolves into shadows!
The fiery explosion engulfs you! You resist.
* * * LOW HITPOINT WARNING * * *
The fiery explosion engulfs you. You resist.
You die...

Skill      XL: |  1  2  3  4  5  6  7  8  9 10 |
---------------+-------------------------------+-----
Conjurations   | 2 3 4 6 7 8 |  8.5
Fire Magic     | 4 5 7 8 9 |  9.1
Fighting       | 1 2 3 4 |  4.3
Dodging        | 3 4 5 6 7 |  7.0
Evocations     | 1 2 3 4 5 |  5.5
Staves         | 1 2 3 4 5 |  5.1
Spellcasting   | 4 5 6 7 |  7.7
Stealth        | |  2.4

Action                   |  1- 3 |  4- 6 |  7- 9 | 10-12 || total
-------------------------+-------+-------+-------+-------++-------
Melee: Short sword       |    16 |       |       |       ||    16
       Staff             |       |     8 |     3 |    22 ||    33
       Punch             |       |       |       |     1 ||     1
 Cast: Foxfire           |    51 |    80 |   155 |    22 ||   308
       Scorch            |    16 |    11 |    62 |    32 ||   121
       Conjure Flame     |       |     1 |     8 |     5 ||    14
       Flame Wave        |       |       |     6 |     5 ||    11
       Inner Flame       |       |       |     1 |     2 ||     3
Evoke: Wand              |       |       |       |     1 ||     1
  Use: Potion            |       |     8 |       |       ||     8
       Scroll            |       |     1 |     1 |    18 ||    20
Armor: Robe              |     6 |    13 |    25 |    15 ||    59
       Steam dragon scal |       |       |       |     4 ||     4
Dodge: Dodged            |    18 |    15 |    57 |    55 ||   145

Levels and vault maps discovered:
D:1:      dpeg_arrival_simpleton_b, layout_basic,
          shapermc_ecumenical_altar_acropolis, dreamdust_princess_bridge
D:2:      layout_loops_ring, uniq_terence
D:3:      layout_basic, nicolae_overflow_two_pavilions, minmay_checkerbox,
          uniq_jessica
D:4:      layout_gridville, uniq_eustachio
D:5:      layout_basic, kennysheep_orc_sif_temple,
          minmay_temple_entry_mini_moons
D:6:      layout_gridville, uniq_sigmund, uniq_duvessa, uniq_edmund,
          uniq_menkaure
D:7:      layout_gridville, nicolae_stop_n_shop_2, minmay_misc_feat_columns
D:8:      layout_basic, okawaru_metal_pillars_1_2, slow_altar_1,
          serial_nicolae_subway, nicolae_sub_station_crystal,
          nicolae_sub_station_metal, nicolae_sub_station_stone
D:9:      layout_roguey, nicolae_overflow_hidden_temple, nicolae_alphabet_shops
D:10:     layout_long_grid, nicolae_elyvilon_peaceful_grove,
          hellmonk_guarded_unrand_vitality_bloodlust
Temple:   nicolae_temple_god_jail

Notes
Turn   | Place    | Note
-------+----------+-------------------------------------------
     0 | D:1      | kae the Deep Elf Fire Elementalist began the quest for the
                  | Orb.
     0 | D:1      | Reached XP level 1. HP: 10/10 MP: 6/6
     0 | D:1      | magus.rc [v1.11.3]
   330 | D:1      | Reached XP level 2. HP: 15/15 MP: 6/8
   333 | D:1      | Learned a level 2 spell: Scorch
   726 | D:1      | Found a faded altar of an unknown god.
  1176 | D:2      | Reached skill level 2 in Conjurations
  1176 | D:2      | Reached XP level 3. HP: 12/20 MP: 5/9
  1328 | D:2      | You add the spells Passwall, Mephitic Cloud and Statue Form
                  | to your library.
  1328 | D:2      | Got the Book of Baneful Spelunking
  1537 | D:2      | Noticed Terence
  2195 | D:3      | You pick up a book of Party Tricks and begin reading...
  2195 | D:3      | You add the spells Apportation and Alistair's Intoxication
                  | to your library.
  2323 | D:3      | Reached skill level 4 in Fire Magic
  2323 | D:3      | Reached XP level 4. HP: 9/24 MP: 2/11
  2332 | D:3      | HP: 5/24 [orc/+0 hand axe (6)]
  2333 | D:3      | HP: 2/24 [orc/+0 hand axe (6)]
  2340 | D:3      | HP: 6/24 [something (2)]
  2342 | D:3      | Reached skill level 1 in Fighting
  2342 | D:3      | Reached skill level 3 in Dodging
  2547 | D:3      | Noticed Jessica
  2553 | D:3      | Killed Jessica
  2554 | D:3      | Reached skill level 1 in Evocations
  2554 | D:3      | Reached XP level 5. HP: 28/29 MP: 8/12
  2645 | D:3      | Reached skill level 3 in Conjurations
  2694 | D:3      | Reached skill level 1 in Staves
  2729 | D:3      | Found an ancient bone altar of Kikubaaqudgha.
  2729 | D:3      | Found a broken altar of Ashenzari.
  3086 | D:4      | Reached skill level 4 in Spellcasting
  3086 | D:4      | Reached XP level 6. HP: 34/34 MP: 7/14
  3603 | D:4      | You pick up a book of the Senses and begin reading...
  3603 | D:4      | You add the spells Dazzling Flash, Agony and Silence to
                  | your library.
  4040 | D:4      | Reached skill level 5 in Fire Magic
  4040 | D:4      | Reached skill level 2 in Evocations
  4092 | D:4      | Noticed Eustachio
  4484 | D:4      | Learned a level 3 spell: Conjure Flame
  4488 | D:4      | Learned a level 3 spell: Inner Flame
  4493 | D:4      | Learned a level 4 spell: Flame Wave
  4574 | D:2      | Killed Terence
  4575 | D:2      | Reached skill level 4 in Conjurations
  4575 | D:2      | Reached XP level 7. HP: 37/39 MP: 3/15
  4717 | D:5      | Entered Level 5 of the Dungeon
  4726 | D:5      | Found a staircase to the Ecumenical Temple.
  4802 | Temple   | Entered the Ecumenical Temple
  4921 | D:5      | Reached skill level 2 in Fighting
  4921 | D:5      | Reached skill level 2 in Staves
  4921 | D:5      | Reached skill level 4 in Dodging
  5254 | D:5      | Reached skill level 5 in Spellcasting
  5254 | D:5      | Reached XP level 8. HP: 34/44 MP: 8/17
  5717 | D:5      | Reached skill level 5 in Conjurations
  5968 | D:5      | Found a shimmering blue altar of Sif Muna.
  5979 | D:5      | Reached skill level 6 in Fire Magic
  6130 | D:5      | Reached skill level 3 in Evocations
  6524 | D:6      | Noticed Sigmund
  6537 | D:6      | Killed Sigmund
  6538 | D:6      | Reached skill level 3 in Staves
  6735 | D:6      | Reached skill level 5 in Dodging
  6835 | D:6      | Reached skill level 6 in Conjurations
  6841 | D:6      | Reached skill level 3 in Fighting
  7077 | D:6      | Noticed Menkaure
  7089 | D:6      | Killed Menkaure
  7090 | D:6      | Reached skill level 7 in Fire Magic
  7090 | D:6      | Reached XP level 9. HP: 50/50 MP: 12/19
  7370 | D:6      | Noticed Edmund
  7380 | D:6      | Killed Edmund
  7381 | D:6      | Reached skill level 6 in Spellcasting
  7381 | D:6      | Reached skill level 4 in Evocations
  7433 | D:6      | Noticed Dowan
  7436 | D:6      | Noticed Duvessa
  7457 | D:6      | Killed Duvessa
  7462 | D:6      | Killed Dowan
  7609 | D:6      | Reached skill level 4 in Staves
  7844 | D:6      | Reached skill level 7 in Conjurations
  7846 | D:6      | Reached skill level 6 in Dodging
  8258 | D:7      | Found Iroudd's Assorted Antiques.
  8285 | D:7      | Bought a black potion for 20 gold pieces
  8285 | D:7      | Bought a scroll labelled EDWOC MERUL for 23 gold pieces
  8285 | D:7      | Bought a glowing yellow potion for 20 gold pieces
  8285 | D:7      | Bought a scroll labelled TEJIAG OCYGH for 23 gold pieces
  8385 | D:7      | Identified the +3 ring mail "Vapenod" {Harm Fly}
  8431 | D:7      | Reached skill level 8 in Fire Magic
  8920 | D:7      | Reached XP level 10. HP: 46/56 MP: 15/22
  9525 | D:8      | Found an iron altar of Okawaru.
  9575 | D:8      | You pick up a book of the Wilderness and begin reading...
  9575 | D:8      | You add the spells Summon Forest, Summon Mana Viper and
                  | Summon Cactus Giant to your library.
  9657 | D:8      | Found a transporter.
  9657 | D:8      | Found a transporter.
  9680 | D:8      | Found a snail-covered altar of Cheibriados.
  9851 | D:8      | Reached skill level 7 in Spellcasting
  9852 | D:8      | Reached skill level 5 in Evocations
  9888 | D:8      | Found a transporter.
  9891 | D:8      | Found a transporter.
  9929 | D:8      | Found a transporter.
  9933 | D:8      | Found a transporter.
 10199 | D:8      | Reached skill level 4 in Fighting
 10629 | D:9      | Reached skill level 8 in Conjurations
 10702 | D:9      | Found a sacrificial altar of Ru.
 10720 | D:9      | Noticed a two-headed ogre
 10734 | D:9      | Killed a two-headed ogre
 10743 | D:9      | Reached skill level 9 in Fire Magic
 10999 | D:9      | Reached skill level 5 in Staves
 11089 | D:9      | Found Feasamet's Fabulous Fripperies.
 11097 | D:9      | Bought a scroll of fear for 60 gold pieces
 11130 | D:9      | Found a radiant altar of Vehumet.
 11146 | D:9      | Found a hide-covered altar of Uskayaw.
 11162 | D:9      | Became a worshipper of Vehumet
 11329 | D:9      | Reached skill level 7 in Dodging
 11512 | D:10     | Entered Level 10 of the Dungeon
 11543 | D:10     | HP: 13/58 [spore (7)]
 11543 | D:10     | HP: 3/58 [spore (10)]
 11543 | D:10     | Killed by an exploding killer bee... ignited by their inner
                  | flame

Vanquished Creatures
  A two-headed ogre (D:9)
  A troll (D:9)
  Sigmund (D:6)
  5 yaks
  2 wyverns (D:9)
  A steam dragon (D:8)
  Menkaure (D:6)
  Edmund (D:6)
  3 water moccasins
  Duvessa (D:6)
  3 orc warriors
  An ice beast (D:6)
  3 sky beasts
  4 ogres
  A centaur (D:9)
  A kobold brigand (D:8)
  A necrophage (D:4)
  2 gnoll sergeants
  6 scorpions
  3 bullfrogs
  Dowan (D:6)
  4 killer bees (D:9)
  7 howler monkeys
  A jelly (D:8)
  4 orc priests
  3 hounds
  Jessica (D:3)
  A gnoll bouda (D:7)
  Terence (D:2)
  4 iguanas
  16 orc wizards
  27 gnolls
  4 adders
  A shadow imp (D:5)
  A white imp (D:6)
  2 ufetubi
  4 worms
  A dart slug (D:4)
  32 orcs
  8 endoplasms
  3 giant cockroaches
  7 goblins
  4 hobgoblins
  4 jackals (D:2)
  2 quokkas (D:1)
  6 ball pythons
  3 bats
  3 frilled lizards
  10 kobolds
  2 rats
209 creatures vanquished.

Vanquished Creatures (collateral kills)
  A foxfire (D:1)
1 creature vanquished.

Vanquished Creatures (others)
  531 foxfires
531 creatures vanquished.

Grand Total: 741 creatures vanquished

Table legend:
 A = Non-vault XP
 B = Vault XP
 C = Vault XP percentage of total XP
 D = Non-vault monster count
 E = Vault monster count
 F = Vault count percentage of total count
                 A         B        C        D         E       F
            +---------+---------+-------+---------+---------+-------
      Total |    8227 |     889 |   9.8 |     195 |      14 |   6.7
            +---------+---------+-------+---------+---------+-------
        D:1 |      25 |       0 |   0.0 |      16 |       0 |   0.0
        D:2 |      33 |      36 |  52.2 |      17 |       1 |   5.6
        D:3 |     230 |      44 |  16.1 |      22 |       5 |  18.5
        D:4 |     406 |       0 |   0.0 |      24 |       0 |   0.0
        D:5 |    1362 |      40 |   2.9 |      28 |       2 |   6.7
        D:6 |    1801 |     764 |  29.8 |      27 |       5 |  15.6
        D:7 |     926 |       0 |   0.0 |      25 |       0 |   0.0
        D:8 |    1000 |       5 |   0.5 |      14 |       1 |   6.7
        D:9 |    2444 |       0 |   0.0 |      22 |       0 |   0.0
            +---------+---------+-------+---------+---------+-------

Illustrated notes

Table legend:
 A = Kills in this place as a percentage of kills in entire the game.
 B = Kills by you in this place as a percentage of kills by you in the entire game.
 C = Kills by friends in this place as a percentage of kills by friends in the entire game.
 D = Other kills in this place as a percentage of other kills in the entire game.
 E = Experience gained in this place as a percentage of experience gained in the entire game.
 F = Experience gained in this place divided by the number of levels of this place that you have seen.
                   A       B       C       D       E      F
               +-------+-------+-------+-------+-------+----------------------
         Total | 100.0 | 100.0 |   N/A |   N/A | 100.0 | 828.7
       Dungeon | 100.0 | 100.0 |   N/A |   N/A | 100.0 | 911.6
               +-------+-------+-------+-------+-------+----------------------

Table legend: (Time is in decaauts)
 A = Elapsed time spent in this place.
 B = Non-inter-level travel time spent in this place.
 C = Inter-level travel time spent in this place.
 D = Time resting spent in this place.
 E = Time spent auto-exploring this place.
 F = Levels seen in this place.
 G = Mean time per level.
                   A        B        C        D        E       F      G
               +--------+--------+--------+--------+--------+-----+--------+
         Total |  11550 |  11064 |    486 |    364 |   9000 |  11 | 1050.0 |
       Dungeon |  11464 |  10991 |    473 |    364 |   8940 |  10 | 1146.4 |
        Temple |     85 |     72 |     13 |      0 |     60 |   1 |   85.0 |
               +--------+--------+--------+--------+--------+-----+--------+

Top non-repeatable levels by time:
     D:6: 1728 daAuts
     D:5: 1702 daAuts
     D:4: 1456 daAuts
     D:2: 1323 daAuts
     D:7: 1262 daAuts
     D:3: 1063 daAuts
     D:8: 1030 daAuts
     D:9: 962 daAuts
     D:1: 904 daAuts
  Temple: 85 daAuts
    D:10: 30 daAuts
